 Dungeon Crawl Stone Soup version 0.23.2-1-ga50397a (webtiles) character file.

Game seed: 8913390806602269942

53 kae the Insei (level 3, 0/28 HPs)
             Began as a Draconian Transmuter on May 17, 2019.
             Slain by an orc warrior
             ... wielding a +0 war axe
              (22 damage)
             ... on level 1 of the Dungeon.
             The game lasted 00:02:11 (1919 turns).

kae the Insei (Draconian Transmuter)                Turns: 1919, Time: 00:02:11

Health: 0/28       AC:  2    Str: 12    XL:     3   Next: 62%
Magic:  1/6        EV: 19    Int: 13    God:
Gold:   114        SH:  0    Dex: 17    Spells: 0/6 levels left

rFire    . . .     SeeInvis .     - Unarmed
rCold    . . .     Gourm    .   (shield currently unavailable)
rNeg     . . .     Faith    .   (armour unavailable)
rPois    x         Spirit   .   (helmet currently unavailable)
rElec    .         Reflect  .   (cloak currently unavailable)
rCorr    .         Harm     .   (gloves currently unavailable)
MR       .....                  (boots currently unavailable)
Stlth    ++........             (no amulet)
HPRegen  0.09/turn              (no ring)
MPRegen  0.10/turn              (no ring)

@: spider-form (expiring), very slightly contaminated
A: tiny, unfitting armour, AC +5
a: End Transformation


You were on level 1 of the Dungeon.
You were hungry.
You were a venomous arachnid creature.
You visited 1 branch of the dungeon, and saw 2 of its levels.

You collected 114 gold pieces.

Inventory:

Missiles
 a - 10 arrows
Scrolls
 b - a scroll of immolation
 d - a scroll of identify
 e - a scroll of remove curse
Potions
 g - a potion of curing {unknown}
 h - 2 potions of lignification {unknown}
Comestibles
 c - 4 rations


   Skills:
 - Level 1.1 Fighting
 - Level 1.7 Dodging
 + Level 3.6 Unarmed Combat
 - Level 2.0 Spellcasting
 * Level 3.5 Transmutations


You couldn't memorise any spells.
You knew the following spells:

 Your Spells              Type           Power        Failure   Level  Hunger
a - Beastly Appendage     Tmut           ##....       17%         1    ##.....
b - Sticks to Snakes      Tmut           ##......     22%         2    ###....
c - Spider Form           Tmut/Pois      #.........   58%         3    ####...

Your spell library contained the following spells:

 Spells                   Type           Power        Failure   Level  Hunger
 Ice Form                 Ice/Tmut       #.......     90%         4    #####..
 Blade Hands              Tmut           ##........   95%         5    ######.


Dungeon Overview and Level Annotations

Branches:
Dungeon (2/15)

Altars:


Innate Abilities, Weirdness & Mutations

((Your plain brown scales are hard. (AC +5)))
You cannot fit into any form of body armour.
((You are cold-blooded and may be slowed by cold attacks.))


Message History

You climb upwards.
Reactivating autopickup.
There is a stone staircase leading down here.
Unknown command.
Unknown command.
The orc warrior hits you with a +0 war axe!
All of the chunks of flesh in your inventory have rotted away.
There is a stone staircase leading down here.
Casting: Spider Form (slightly dangerous; 36% risk of failure)
Confirm with . or Enter, or press ? or * to list all spells.
You turn into a venomous arachnid creature.
The orc warrior misses you.
Casting: Spider Form (quite dangerous; 58% risk of failure)
Confirm with . or Enter, or press ? or * to list all spells.
You miscast Sticks to Snakes.
You are very lightly contaminated with residual magic.
Your skin glows momentarily.
The orc warrior hits you with a +0 war axe!!
Ouch! That really hurt!
You die...

###.#######.####.#...............
..#.###^# #.####†#.#.######...###
#.......# #.##...#.#.#........#..
###.###.# #.##.#.#.#.#........#.#
..#.###.###.##.#.#.###.#.........
......#........#.#.# #........#.#
....#.#####.######.##########.#.#
#.###.#####.....................#
#.###..........os................
.......##########################
#################################
............##.....##...##.#..#.<
######..#...#....#....##.##.##..#


⌠rK ##..##...###...##...#.#.##.. www#####.......#......##.###.####
lgs#.#.8.........#...#.[#...#†### wbs#.†......##.##..#...#.######.# You could
see an orc warrior.

Vanquished Creatures
  An adder (D:2)
  A worm (D:2)
  3 dart slugs
  2 orcs (D:2)
  6 bats
  2 giant cockroaches
  3 goblins
  A hobgoblin (D:2)
  6 kobolds (D:1)
  A ball python (D:1)
  2 frilled lizards
  A rat (D:1)
29 creatures vanquished.

Vanquished Creatures (collateral kills)
  An orc (D:2)
  A goblin (D:2)
2 creatures vanquished.

Grand Total: 31 creatures vanquished

Notes
Turn   | Place    | Note
-------+----------+-------------------------------------------
     0 | D:1      | kae the Draconian Transmuter began the quest for the Orb.
     0 | D:1      | Reached XP level 1. HP: 16/16 MP: 3/3
   243 | D:1      | Reached XP level 2. HP: 23/23 MP: 3/5
   294 | D:1      | Learned a level 2 spell: Sticks to Snakes
  1358 | D:2      | Reached XP level 3. HP: 15/28 MP: 4/6
  1662 | D:2      | Learned a level 3 spell: Spider Form
  1842 | D:2      | Noticed an orc warrior
  1855 | D:2      | HP: 1/28 [orc priest/divine providence (9)]
  1919 | D:1      | Slain by an orc warrior

Skill      XL: |  1  2 |
---------------+-------+-----
Transmutations | 3 |  3.5
Fighting       | |  1.1
Dodging        | |  1.7
Unarmed Combat | |  3.6
Spellcasting   | |  2.0

Action                   || total
-------------------------++-------
Melee: Unarmed           ||   110
       Tailslap          ||    11
       Headbutt          ||     3
       Kick              ||     1
 Cast: Beastly Appendage ||     9
       Sticks to Snakes  ||     2
       Spider Form       ||     2
  Use: Scroll            ||     4
       Potion            ||     1
 Stab: Sleeping          ||     1
  Eat: Chunk             ||     3
Armor: Skin              ||    42
Dodge: Dodged            ||    81
